 Dungeon Crawl Stone Soup version 0.22.1-1-ga44c0e56f4 (webtiles) character file.

119 KleinerIrrer the Shield-Bearer (level 5, -2/32 HPs)
             Began as a Gargoyle Fighter on Oct 28, 2018.
             Slain by an ogre
             ... wielding a cursed +0 giant club
              (24 damage)
             ... on level 3 of the Dungeon.
             The game lasted 00:03:12 (2205 turns).

KleinerIrrer the Shield-Bearer (Gargoyle Fighter)   Turns: 2205, Time: 00:03:12

Health: -2/32      AC: 14    Str: 20    XL:     5   Next: 3%
Magic:  5/5        EV:  9    Int:  9    God:
Gold:   151        SH:  9    Dex:  9    Spells: 4/4 levels left

rFire    . . .     SeeInvis .     - Unarmed
rCold    . . .     Gourm    .   b - +0 shield
rNeg     + . .     Faith    .   a - +0 scale mail
rPois    ∞         Spirit   .   (no helmet)
rElec    +         Reflect  .   (no cloak)
rCorr    .         Harm     .   (no gloves)
MR       .....                  s - +2 pair of boots
Stlth    ..........             (no amulet)
HPRegen  0.10/turn              j - +2 ring of evasion
MPRegen  0.09/turn              (no ring)

@: no status effects
A: negative energy resistance 1, electricity resistance, unbreathing,
petrification resistance, rot immunity, AC +4
a: no special abilities


You were on level 3 of the Dungeon.
You were not hungry.

You visited 1 branch of the dungeon, and saw 3 of its levels.

You collected 151 gold pieces.

Inventory:

Armour
 a - a +0 scale mail (worn)
 b - a +0 shield (worn)
 s - a +2 pair of boots (worn)
Jewellery
 j - a +2 ring of evasion (left hand)
Scrolls
 g - a scroll of remove curse
 h - a scroll of fog {unknown}
 k - 2 scrolls of noise {unknown}
 m - 2 scrolls of enchant weapon {unknown}
 n - a scroll of enchant armour {unknown}
 o - a scroll of magic mapping {unknown}
 t - a scroll of teleportation {unknown}
Potions
 c - a potion of curing {unknown}
 e - 3 potions of berserk rage {unknown}
 f - a potion of brilliance
 i - a potion of agility
 l - 2 potions of resistance
 p - a potion of cancellation {unknown}
 q - a potion of heal wounds {unknown}
 r - a potion of degeneration {unknown}
Comestibles
 d - 2 rations


   Skills:
 - Level 3.2 Fighting
 + Level 3.9 Armour
 + Level 4.2 Shields
 * Level 4.0 Unarmed Combat


You had 4 spell levels left.
You didn't know any spells.
Your spell library was empty.

Dungeon Overview and Level Annotations

Branches:
Dungeon (3/15)

Altars:


Innate Abilities, Weirdness & Mutations

You are resistant to torment.
Your stone body is resilient. (AC +4)
You are immune to poison.
You resist negative energy. (rN+)
You are resistant to electric shocks. (rElec)
You can survive without breathing.
You are immune to petrification.
You are immune to rotting.


Message History

No target in view!
No target in view!
No target in view!
No target in view!
No target in view!
Found an escape hatch in the floor.
There is an escape hatch in the floor here.
t - a scroll labeled TIR HOPLOGOUNOWU
There is an escape hatch in the floor here.
An ogre comes into view. It is wielding a giant club.
The ogre shouts!
A ball python comes into view.
Sorry, you're not good enough to have a special ability.
Okay, then.
You barely miss the ogre. The ogre hits you with a giant club!
You closely miss the ogre. You barely miss the ogre.
The ogre barely misses you.
You hit the ogre but do no damage. The ogre hits you with a giant club!!
Ouch! That really hurt!
You die...

#.........#.#####
###########......
#.......#######
#.#####.###
####....#....#
#....#..#..#.#
#.##.#...>.#.#
#####.##.#.###...#
#....@.#.#############
#.###OS#..............
#..###############
#..# #.?# #..# #..#
...#


You could see an ogre and a ball python.

Vanquished Creatures
  An orc priest (D:3)
  2 adders (D:2)
  An ooze (D:2)
  A worm (D:2)
  A dart slug (D:1)
  A leopard gecko (D:2)
  4 orcs (D:3)
  5 bats
  5 giant cockroaches
  4 goblins
  7 hobgoblins
  2 jackals (D:2)
  4 kobolds (D:1)
  2 quokkas (D:2)
  9 frilled lizards
  8 rats
57 creatures vanquished.

Notes
Turn   | Place    | Note
-------+----------+-------------------------------------------
     0 | D:1      | KleinerIrrer the Gargoyle Fighter began the quest for the
                  | Orb.
     0 | D:1      | Reached XP level 1. HP: 14/14 MP: 1/1
   179 | D:1      | Reached XP level 2. HP: 17/19 MP: 2/2
   578 | D:2      | Reached XP level 3. HP: 19/23 MP: 3/3
   884 | D:2      | Reached XP level 4. HP: 26/28 MP: 4/4
  1928 | D:3      | Reached XP level 5. HP: 32/32 MP: 5/5
  2197 | D:3      | Noticed an ogre
  2205 | D:3      | Slain by an ogre

Skill      XL: |  1  2  3  4  5 |
---------------+----------------+-----
Unarmed Combat | 3 4 |  4.0
Shields        | 4 |  4.2
Fighting       | |  3.2
Armour         | |  3.9

Action                   |  1- 3 |  4- 6 || total
-------------------------+-------+-------++-------
Melee: Unarmed           |   200 |   119 ||   319
  Use: Scroll            |       |     4 ||     4
       Potion            |       |     1 ||     1
  Eat: Chunk             |       |     5 ||     5
Armor: Scale mail        |   130 |    41 ||   171
Dodge: Dodged            |    85 |    32 ||   117
Block: Shield            |   114 |    44 ||   158
